 Dungeon Crawl Stone Soup version 0.20-a0-502-g555d78b (webtiles) character file.

952 Ijustatesigmund the Sneak (level 7, -1/33 HPs)
             Began as a Spriggan Wizard on Jan 20, 2017.
             Slain by an iguana (2 damage)
             ... on level 6 of the Dungeon.
             The game lasted 00:29:23 (8413 turns).

Ijustatesigmund the Sneak (Spriggan Wizard)         Turns: 8413, Time: 00:29:23

Health: -1/33      AC:  5    Str:  3    XL:     7   Next: 90%
Magic:  1/16       EV: 20    Int: 20    God:
Gold:   248        SH:  0    Dex: 16    Spells: 12/17 levels left

rFire    + . .     SeeInvis +   k - +4 short sword
rCold    . . .     Gourm    .   a - +1 robe
rNeg     . . .     Faith    .   (shield restricted)
rPois    +         Spirit   .   b - +2 hat
rElec    .         Reflect  .   (no cloak)
rCorr    .         Harm     .   (gloves unavailable)
MR       +....                  (boots unavailable)
Stlth    ++++......             (no amulet)
Regen    0.2/turn               t - ring of poison resistance
                                m - ring of protection from fire

@: very quick
A: unfitting armour, see invisible, herbivore 3, speed 3, slow metabolism 2
a: no special abilities


You were on level 6 of the Dungeon.
You were hungry.

You visited 1 branch of the dungeon, and saw 6 of its levels.
You also visited: Sewer.

You collected 248 gold pieces.

Inventory:

Hand Weapons
 k - a +4 short sword (weapon)
 s - a +1 short sword of venom
Missiles
 q - 8 tomahawks (quivered)
Armour
 a - a +1 robe (worn)
 b - a +2 hat (worn)
Jewellery
 m - a ring of protection from fire (left hand)
 t - a ring of poison resistance (right hand)
Scrolls
 g - 3 scrolls of remove curse
 h - 2 scrolls of fear
 j - 4 scrolls of recharging
 p - 3 scrolls of teleportation
 u - a scroll of magic mapping
 x - a scroll of blinking
Potions
 f - a potion of curing
 i - a potion of lignification
 n - a potion of mutation
 o - 2 potions of agility
 r - 2 potions of might
 v - a potion of haste
 w - a potion of heal wounds
 z - a potion of brilliance
 A - a potion of cancellation
 B - a potion of resistance
Books
 c - a book of Minor Magic

   Spells                             Type                      Level
   a - Magic Dart                     Conjuration                  1
   b - Blink                          Translocation                2
   c - Call Imp                       Summoning                    2
   d - Repel Missiles                 Charms/Air                   2
   e - Slow                           Hexes                        2
   f - Conjure Flame                  Conjuration/Fire             3
   g - Mephitic Cloud                 Conjuration/Poison/Air       3
Comestibles
 d - 6 bread rations
 l - a slice of pizza


   Skills:
 - Level 1.0 Fighting
 - Level 4.4 Short Blades
 + Level 5.1 Dodging
 + Level 7.9 Stealth
 - Level 5.5 Spellcasting
 - Level 2.5 Conjurations
   Level 0.7 Summonings
 + Level 3.9 Translocations


You had 12 spell levels left.
You knew the following spells:

 Your Spells              Type           Power        Failure   Level  Hunger
a - Magic Dart            Conj           ###.         4%          1    None
b - Blink                 Tloc           N/A          3%          2    None
c - Repel Missiles        Chrm/Air       #.....       21%         2    None


Dungeon Overview and Level Annotations

Branches:
Dungeon (6/15)             Temple (0/1) D:5

Altars:
Qazlal
Trog
Uskayaw
Yredelemnul
The Shining One

Shops:
D:6 (

Annotations:
D:3 kae's ghost, amateur MiFi
D:6 Eustachio


Innate Abilities, Weirdness & Mutations

You are very small and have problems with some larger weapons.
You are too small for most types of armour.
You have supernaturally acute eyesight. (SInv)
You are a herbivore.
You cover ground extremely quickly.
You need consume almost no food.


Message History

Aiming: Magic Dart
Press: ? - help, Shift-Dir - straight line, f/p - orc wizard
Aim: an orc wizard, wielding a dagger and wearing a robe (severely wounded, fast)
The magic dart hits the orc wizard.
The orc wizard is severely wounded.
The orc wizard gestures at you while chanting.
The puff of flame hits you! You resist.
* * * LOW HITPOINT WARNING * * *
The iguana completely misses you. The orc hits you but does no damage.
The orc wizard hits you but does no damage.
Casting: Magic Dart
Confirm with . or Enter, or press ? or * to list all spells.
Aiming: Magic Dart
Press: ? - help, Shift-Dir - straight line, f/p - orc wizard
Aim: an orc wizard, wielding a dagger and wearing a robe (severely wounded, fast)
The magic dart hits the orc wizard.
The orc wizard is almost dead.
The orc wizard hits you but does no damage.
The iguana bites you.
You die...

..... .... .. ...###... ..
#...#... ... +......# ...
#.o..#.# .... #....o.#
....##+#####...ol#
....'..........o@#
....#............#
#####............#
.................#
...##.....##.....# ...
#....ยง####'#################
... #.....##...###..#..........#
#####......#........#..........#
#.......#........'..........#


You could see an iguana, 2 orc wizards and 2 orcs.

Vanquished Creatures
  A sky beast (D:5)
  2 big kobolds (Sewer)
  A crimson imp (D:5)
  2 hounds
  A bullfrog zombie (D:4)
  A centaur skeleton (D:4)
  A jelly (D:5)
  2 orc priests (D:5)
  5 orc wizards
  3 worker ants (D:4)
  11 adders
  3 river rats
  5 oozes
  2 adder skeletons
  4 worms
  2 leopard geckos
  17 orcs
  3 giant cockroaches
  9 goblins
  6 hobgoblins
  4 jackals (D:1)
  4 quokkas
  5 ball pythons
  8 bats
  4 frilled lizards
  9 kobolds
  12 rats
127 creatures vanquished.

Notes
Turn   | Place    | Note
-------+----------+-------------------------------------------
     0 | D:1      | Ijustatesigmund the Spriggan Wizard began the quest for the Orb.
     0 | D:1      | Reached XP level 1. HP: 9/9 MP: 6/6
   704 | D:1      | Reached XP level 2. HP: 13/13 MP: 0/8
   708 | D:1      | Learned a level 2 spell: Blink
   711 | D:1      | Learned a level 2 spell: Repel Missiles
   910 | D:1      | Reached skill level 5 in Spellcasting
  1272 | D:1      | Reached XP level 3. HP: 16/16 MP: 2/10
  1950 | D:2      | Found a glowing golden altar of the Shining One.
  1950 | D:2      | Found a bloodstained altar of Trog.
  3181 | D:2      | Reached skill level 1 in Short Blades
  3544 | D:2      | Reached XP level 4. HP: 21/21 MP: 7/12
  3971 | D:3      | Found a faded altar of an unknown god.
  4182 | D:3      | Noticed kae's ghost (amateur MiFi)
  4248 | D:3      | Found a stormy altar of Qazlal.
  4273 | D:3      | You fall through a shaft!
  4314 | D:4      | Reached skill level 4 in Stealth
  4314 | D:4      | Reached XP level 5. HP: 21/24 MP: 8/14
  4574 | D:4      | Reached skill level 1 in Conjurations
  4696 | D:4      | Reached skill level 5 in Stealth
  5331 | D:4      | Found a basalt altar of Yredelemnul.
  5463 | D:4      | Reached XP level 6. HP: 28/28 MP: 15/15
  5716 | D:5      | Entered Level 5 of the Dungeon
  5757 | D:5      | Noticed a sky beast
  5761 | D:5      | Killed a sky beast
  5761 | D:5      | Reached skill level 6 in Stealth
  5786 | D:6      | Noticed Eustachio
  5961 | D:5      | Found a staircase to the Ecumenical Temple.
  6061 | D:5      | Found a glowing drain.
  6064 | D:5      | Reached XP level 7. HP: 19/32 MP: 16/16
  6076 | Sewer    | Entered a sewer
  6575 | Sewer    | Reached skill level 1 in Fighting
  6750 | Sewer    | Reached skill level 7 in Stealth
  7368 | D:6      | Found Ohepreus's Antique Weapon Shoppe.
  7985 | D:5      | Reached skill level 5 in Dodging
  8208 | D:5      | Found a hide-covered altar of Uskayaw.
  8412 | D:6      | HP: 1/33 [orc wizard/puff of flame (3)]
  8413 | D:6      | Slain by an iguana

Vault maps used:
D:1:      dpeg_arrival_brainrot, minmay_misc_feat_ornament
D:2:      lemuel_upstairs_altar, chequers_temple_overflow_statue_of_worship,
          eino_tiny_chamber, kennysheep_nondescript, minivault_27,
          due_unseen_surprise
D:3:      grunt_qazlal_sundering, chequers_ecumenical_altar_simple_redux
D:4:      lemuel_doored_altar, first_bread, kennysheep_small_circle
D:5:      nicolae_overflow_crystal_walls, portal_sewer_entry_a
D:6:      okawaru_ov_weapons_minmay, serial_shops, shop,
          nicolae_shop_statue_plus, shop, kennysheep_mini_moat,
          nicolae_shop_trees, uniq_eustachio
Sewer:    sewer_co_15_rooms

Skill      XL: |  1  2  3  4  5  6  7 |
---------------+----------------------+-----
Spellcasting   | 5 |  5.5
Translocations | 2 3 |  3.9
Short Blades   | 1 2 3 4 |  4.4
Stealth        | 4 5 6 7 |  7.9
Conjurations   | 1 2 |  2.5
Fighting       | 1 |  1.0
Dodging        | 5 |  5.1
Summonings     | |  0.7

Action                   |  1- 3 |  4- 6 |  7- 9 || total
-------------------------+-------+-------+-------++-------
Melee: Short sword       |    39 |    61 |    40 ||   140
 Cast: Magic Dart        |   140 |   128 |   201 ||   469
       Repel Missiles    |     1 |       |       ||     1
       Blink             |       |       |     7 ||     7
  Use: Scroll            |    16 |     4 |     6 ||    26
       Potion            |       |     1 |     1 ||     2
 Stab: Sleeping          |     4 |    12 |       ||    16
       Distracted        |       |     1 |       ||     1
  Eat: Royal jelly       |       |     1 |     1 ||     2
Armor: Robe              |     9 |    19 |    15 ||    43
Dodge: Dodged            |    74 |    86 |    83 ||   243
       Deflected         |       |     1 |     2 ||     3
